 Dungeon Crawl Stone Soup version 0.17-a0-1150-g17b0b87 (webtiles) character file.

136721 Chiseanne the Acrobat (level 16, -2/141 HPs)
             Began as a Purple Draconian Wanderer on May 26, 2015.
             Was an Initiate of Gozag.
             Slain by Polyphemus (45 damage)
             ... on level 2 of the Shoals on May 27, 2015.
             The game lasted 02:51:21 (40695 turns).

Chiseanne the Acrobat (Purple Draconian Wanderer)  Turns: 40695, Time: 02:51:21

Health: -2/141     AC: 22    Str: 28    XL:     16   Next: 67%
Magic:  22/22      EV: 30    Int: 13    God:    Gozag
Gold:   482        SH:  0    Dex: 14    Spells: 7 memorised, 9 levels left

rFire  . . .     SeeInvis +     a - +2 whip (elec)
rCold  . . .     Clarity  .     (armour unavailable)
rNeg   + . .     SustAt   .     (no shield)
rPois  +         Gourm    .     M - +0 mask of the Dragon {MR+ Slay+3 SInv}
rElec  .         Spirit   .     P - +2 cloak of Riowk {rF- MR+ Regen+ rCorr}
rCorr  +         Warding  +     H - +2 pair of gloves
rMut   .         Stasis   .     O - +2 pair of boots
MR     ++++.                    e - brooch of Shielding {Ward rN+ AC+4 EV+4}
Stlth  ++........               p - ring "Tas Migees" {rPois rF+ Str+4}
                                l - ring of Kokoapto {Wiz Str+11 Dex-5}

@: appendage (expiring), very slightly contaminated, incredibly resistant to
hostile enchantments, unstealthy
A: breathe power, unfitting armour, horns 2, mutation resistance 1, sense
surroundings 1, cold-blooded, AC +9
a: Breathe Dispelling Energy, End Transformation, Potion Petition, Call
Merchant, Bribe Branch, Renounce Religion


You were on level 2 of the Shoals.
You worshipped Gozag.
Gozag was noncommittal.
You were very full.
You had grown temporary horns.
You visited 6 branches of the dungeon, and saw 31 of its levels.
You also visited: Ice Cave.

You collected 11667 gold pieces.
You spent 6521 gold pieces at shops.
You paid 4664 gold pieces to Gozag.

Inventory:

Hand weapons
 a - a +2 whip of electrocution (weapon)
 d - the +10 sword of Jihad {holy, *Rage rN+ EV+3 Stlth-}
   (You found it on level 3 of the Orcish Mines)

   It has been blessed by the Shining One to cause great damage to the undead
   and demons.
   It affects your evasion (+3).
   It protects you from negative energy.
   It may make you go berserk in combat.
   It makes you less stealthy.
 f - the +2 hand axe of Death's Door {chop, rN+ Int+5}
   (You found it on level 7 of the Lair of Beasts)

   It inflicts extra damage upon your enemies.
   It affects your intelligence (+5).
   It protects you from negative energy.
 o - the +8 trident of Sunlight {pierce, +Rage rC+++ Int+4 Dex-4}
   (You found it on level 1 of the Shoals)

   It inflicts extra damage upon your enemies.
   It affects your intelligence (+4).
   It affects your dexterity (-4).
   It renders you almost immune to cold.
   It lets you go berserk.
 q - the +1 blowgun of the Wilderness {evade, +Inv rElec Int+4}
   (You bought it in a shop on level 4 of the Orcish Mines)

   It affects your evasion (+5 to EV).
   It affects your intelligence (+4).
   It insulates you from electricity.
   It lets you turn invisible.
 s - the +7 Singing Sword
   (You found it on level 3 of the Orcish Mines)
 w - the +5 shortbow "Widowmaker" {flame, +Inv}
   (You found it on level 3 of the Orcish Mines)

   It causes projectiles fired from it to burn those they strike, causing extra
   injury to most foes and up to half again as much damage against particularly
   susceptible opponents.
   It lets you turn invisible.
Missiles
 b - 580 arrows
 g - 33 poisoned arrows
 r - 20 curare-tipped needles
 x - 17 arrows of frost
 B - a throwing net (quivered)
Armour
 H - a +2 pair of gloves (worn)
 M - the +0 mask of the Dragon (worn) {MR+ Slay+3 SInv}
   (You bought it in a shop on level 8 of the Dungeon)

   It affects your accuracy and damage with ranged weapons and melee attacks
   (+3).
   It affects your resistance to hostile enchantments.
   It lets you see invisible.
 O - a +2 pair of boots (worn)
 P - the +2 cloak of Riowk (worn) {rF- MR+ Regen+ rCorr}
   (You bought it in a shop on level 5 of the Dungeon)

   It makes you vulnerable to fire.
   It affects your resistance to hostile enchantments.
   It increases your rate of regeneration.
   It protects you from acid and corrosion.
Jewellery
 e - the brooch of Shielding (around neck) {Ward rN+ AC+4 EV+4}
   (You bought it in a shop on level 15 of the Dungeon)

   [amulet of warding]

   It may prevent the melee attacks of summoned creatures.
   It affects your AC (+4).
   It affects your evasion (+4).
   It protects you from negative energy.
 l - the ring of Kokoapto (left hand) {Wiz Str+11 Dex-5}
   (You bought it in a shop on level 15 of the Dungeon)

   [ring of wizardry]

   It improves your spell success rate.
   It affects your strength (+11).
   It affects your dexterity (-5).
 p - the ring "Tas Migees" (right hand) {rPois rF+ Str+4}
   (You bought it in a shop on level 15 of the Dungeon)

   [ring of strength]

   It affects your strength (+4).
   It protects you from fire.
   It protects you from poison.
Magical devices
 c - a wand of disintegration (4)
 h - a wand of digging (8)
 A - a wand of cold (1)
 G - a wand of enslavement (13)
 I - a wand of enslavement (3)
 K - a wand of paralysis (11)
 N - a wand of teleportation (6)
Scrolls
 i - 7 scrolls of magic mapping
 j - 5 scrolls of fog
 m - a scroll of silence
 z - 4 scrolls of remove curse
 C - 3 scrolls of blinking
 E - a scroll of enchant armour
 L - 8 scrolls of identify
 T - 12 scrolls of teleportation
 U - 4 scrolls of fear
 W - 3 scrolls of summoning
Potions
 k - 3 potions of cancellation
 t - 8 potions of heal wounds
 v - a potion of haste
 F - 14 potions of curing
 Q - 2 potions of agility
 S - 2 potions of berserk rage
 V - a potion of brilliance
 Y - 2 potions of resistance
Miscellaneous
 u - a stone of tremors
 y - a sack of spiders {used: 6}
 J - a lamp of fire (inert)
Comestibles
 n - 10 meat rations
 R - 8 bread rations


   Skills:
 - Level 12.5 Fighting
 * Level 5.7 Long Blades
 - Level 12.0 Maces & Flails
 - Level 2.6 Bows
 * Level 21.3 Dodging
 - Level 1.0 Stealth
   Level 1.0 Shields
 - Level 1.0 Unarmed Combat
 - Level 4.2 Spellcasting
 * Level 1.3 Translocations
 - Level 3.2 Transmutations
 * Level 5.6 Evocations


You had 9 spell levels left.
You knew the following spells:

 Your Spells              Type           Power        Failure   Level  Hunger
a - Apportation           Tloc           #.........   6%          1    None
b - Beastly Appendage     Trmt           ##....       3%          1    None
c - Blink                 Tloc           N/A          9%          2    ##.....
d - Shroud of Golubria    Chrm/Tloc      #.........   10%         2    ##.....
e - Song of Slaying       Chrm           #.......     12%         2    ##.....
f - Regeneration          Chrm/Necr      #.........   32%         3    ###....
g - Spectral Weapon       Hex/Chrm       #.......     32%         3    ###....


Dungeon Overview and Level Annotations

Branches:
Dungeon (15/15)            Temple (1/1) D:6            Lair (8/8) D:8
 Shoals (2/4) Lair:5        Snake (0/4) Lair:5        Slime (0/6) Lair:6
    Orc (4/4) D:9             Elf (0/3) Orc:4        Vaults (0/5) D:14
 Depths (1/5) D:15

Altars:
Ashenzari
Cheibriados
Dithmenos
Elyvilon
Fedhas
Gozag
Kikubaaqudgha
Makhleb
Nemelex Xobeh
Okawaru
Qazlal
Ru
Sif Muna
Trog
Vehumet
Xom
Yredelemnul
Zin
The Shining One
Beogh

Shops:
D:4 [   D:5 [   D:6 }   D:8 [   D:11 ::   D:12 :   D:13 (   D:15 =   Orc:4 (:[*

Annotations:
Lair:6 exclusion: 3 oklob plants
Shoals:2 Polyphemus
Depths:1 Sojobo


Innate Abilities, Weirdness & Mutations

You can breathe bolts of dispelling energy.
Your rich purple scales are hard (AC +9).
Your body does not fit into most forms of armour.
You are cold-blooded and may be slowed by cold attacks.
You have a pair of horns on your head.
You are somewhat resistant to further mutation.
You passively map a small area around you.


Message History

Polyphemus is moderately wounded.
You whack Polyphemus! Your headbutt misses Polyphemus.
You tail-slap Polyphemus.
Polyphemus is heavily wounded.
Polyphemus completely misses you. Polyphemus hits you!
You hit Polyphemus.
There is a sudden explosion of sparks!
You headbutt Polyphemus! You tail-slap Polyphemus.
Polyphemus is severely wounded.
You whack Polyphemus! You headbutt Polyphemus!
Polyphemus is severely wounded.
Polyphemus hits you but does no damage. Polyphemus hits you!
* * * LOW HITPOINT WARNING * * *
You hit Polyphemus. You headbutt Polyphemus.
Polyphemus is severely wounded.
You hit Polyphemus but do no damage. You headbutt Polyphemus.
You tail-slap Polyphemus.
Polyphemus is almost dead.
Polyphemus hits you!!!
You die...
Your body crumbles into a pile of gold.

≈≈≈≈≈≈≈≈≈≈≈≈≈≈.≈≈≈ ≈
≈≈≈≈≈≈≈≈≈≈≈≈≈≈≈≈≈≈
≈≈≈≈≈≈≈≈≈≈≈≈≈≈≈≈≈≈≈
≈≈≈≈≈≈≈≈≈≈≈≈≈≈≈≈≈≈≈
≈≈≈≈≈≈≈≈≈≈≈≈≈≈≈≈≈≈≈ , ≈
≈≈≈≈≈≈≈≈≈≈≈≈≈≈≈≈≈≈≈ *
≈≈≈≈≈≈≈≈≈≈≈≈≈≈≈.≈≈≈ ≈
≈≈≈≈≈≈≈≈≈≈≈....≈≈≈≈ ≈
≈≈≈≈≈≈≈≈..$@.#.≈≈≈≈ ≈
*≈≈≈≈≈≈≈(≈≈≈C....≈≈≈≈. ≈ ,
≈≈≈≈≈≈≈≈≈≈≈≈≈≈≈≈≈≈..≈≈...
≈≈≈≈≈≈≈≈≈≈≈≈≈≈≈≈≈≈≈≈≈....
≈≈≈≈≈≈≈≈≈≈≈≈≈≈≈≈≈≈≈≈≈≈.....
≈≈≈≈≈≈≈≈≈≈≈≈≈≈≈≈≈≈≈.≈≈≈≈≈..
≈≈≈≈≈≈≈≈≈≈≈≈≈≈≈≈≈≈≈≈≈≈≈≈...#
≈≈≈≈≈≈≈≈≈≈≈≈>≈≈≈≈≈≈≈≈.......
≈≈≈≈≈≈≈≈≈≈....≈≈≈≈......[...


You could see Polyphemus.

Vanquished Creatures
  Agnes (D:14)
  Kirke (Shoals:2)
  An orc warlord (Orc:4)
  A stone giant (Orc:3)
  A merfolk impaler (Shoals:1)
  A vault guard (D:14)
  7 hydras
  A catoblepas (Shoals:2)
  2 ice dragons (D:15)
  4 merfolk avatars
  4 centaur warriors
  9 death yaks
  A tengu warrior (D:15)
  An orc high priest (Orc:4)
  Urug (Orc:4)
  14 skeletal warriors
  An ice devil (IceCv)
  An unseen horror (D:15)
  10 sea snakes
  2 ice statues (IceCv)
  18 hill giants
  Pikel (D:6)
  10 ugly things
  3 harpies (Shoals:1)
  6 griffons
  A wolf spider zombie (D:14)
  6 cyclopes
  3 orc sorcerers
  5 orc knights
  10 elephants
  4 manticores
  A faun (Shoals:1)
  Joseph (D:7)
  2 sirens (Shoals:1)
  3 drowned souls (Shoals:1)
  3 centaur zombies
  12 black mambas
  3 guardian serpents (shapeshifter)
  28 spiny frogs
  14 komodo dragons
  An efreet (D:14)
  3 fire drakes
  10 trolls
  A two-headed ogre (D:10)
  2 polar bears
  10 blue devils (IceCv)
  5 merfolk
  3 giant leeches (Lair:8)
  A harpy zombie (D:13)
  5 slime creatures (D:12)
  2 ravens (D:15)
  26 blink frogs
  A boulder beetle (Lair:5)
  3 snapping turtles
  A trapdoor spider (shapeshifter) (D:14)
  2 trapdoor spiders
  33 yaks
  5 water elementals
  3 deep elf magi
  A centaur simulacrum (D:15)
  A deep elf fighter (D:15)
  2 basilisks
  4 wraiths
  2 wyverns
  A hog (Shoals:2)
  A mottled dragon (D:12)
  13 vampire mosquitoes
  4 hungry ghosts
  7 hippogriffs
  Edmund (D:4)
  5 wargs
  11 water moccasins
  2 soldier ants
  16 porcupines
  35 orc warriors
  7 wolves
  2 necrophages
  20 centaurs
  6 ice beasts
  2 phantoms
  A black bear (shapeshifter) (D:15)
  3 eyes of draining
  6 sky beasts
  A slave (D:6)
  19 ogres
  15 crocodiles
  5 big kobolds
  Blork the orc (D:5)
  38 giant frogs
  A wyvern skeleton (D:12)
  2 scorpions
  25 killer bees
  6 wights
  6 crimson imps
  4 electric eels
  A giant frog zombie (D:12)
  7 hounds
  5 jellies
  4 giant frog skeletons
  36 orc wizards
  Crazy Yiuf (D:6)
  24 orc priests
  2 quasits
  Ijyb (D:2)
  7 iguanas
  3 centaur skeletons
  13 worker ants
  Natasha (thrice) (D:3)
  20 sheep
  A killer bee zombie (D:7)
  A hound skeleton (D:5)
  2 worker ant zombies
  18 adders
  10 gnolls
  56 river rats
  7 shadow imps
  6 white imps (IceCv)
  7 ufetubi (IceCv)
  5 oozes
  An adder skeleton (D:4)
  2 worms
  192 orcs
  5 ball pythons
  27 bats
  3 bat zombies
  8 giant cockroaches
  21 goblins
  19 hobgoblins
  20 jackals
  3 quokkas
  7 giant geckos
  A giant gecko skeleton (D:5)
  A giant gecko zombie (D:5)
  5 giant newts
  2 gnoll zombies (D:5)
  A jackal skeleton (D:5)
  17 kobolds
  11 rats
  A butterfly (Lair:6)
  4 fungi
  13 plants
1195 creatures vanquished.

Vanquished Creatures (collateral kills)
  2 hydras (Lair:7)
  3 elephants
  A spiny frog (Lair:8)
  A polar bear (Lair:7)
  A blink frog (Lair:7)
8 creatures vanquished.

Vanquished Creatures (others)
  10 drowned souls (Shoals:1)
  A komodo dragon (Lair:5)
  3 humans (Shoals:2)
  3 fire elementals
  A slave (D:6)
  A spider (Lair:7)
  An earth elemental (Lair:7)
  A scorpion (Lair:8)
  An adder (Lair:5)
  A white imp (IceCv)
  3 ufetubi (IceCv)
  2 orcs (D:6)
  6 fungi
  15 plants
49 creatures vanquished.

Grand Total: 1252 creatures vanquished

Notes
Turn   | Place    | Note
--------------------------------------------------------------
     0 | D:1      | Chiseanne the Draconian Wanderer began the quest for the Orb.
     0 | D:1      | Chiseanne set off with: a +2 shortbow, 22 arrows, a +0 hand axe, a potion of curing, a bread ration
     0 | D:1      | Reached XP level 1. HP: 19/19 MP: 1/1
   210 | D:1      | Reached XP level 2. HP: 21/27 MP: 2/2
   346 | D:1      | Reached skill level 4 in Fighting
   788 | D:2      | Reached XP level 3. HP: 31/33 MP: 3/3
   915 | D:2      | Noticed an angel
   915 | D:2      | Found a glowing silver altar of Zin.
   915 | D:2      | Found a shimmering altar of Xom.
  1064 | D:2      | Noticed Ijyb
  1087 | D:2      | Killed Ijyb
  1087 | D:2      | Reached XP level 4. HP: 27/41 MP: 4/4
  2105 | D:3      | Reached XP level 5. HP: 47/47 MP: 5/5
  2304 | D:3      | Noticed Natasha
  2311 | D:3      | Killed Natasha
  2328 | D:3      | Noticed Natasha
  2338 | D:3      | Killed Natasha
  2643 | D:3      | Noticed Natasha
  2644 | D:3      | Killed Natasha
  2826 | D:3      | Reached skill level 1 in Maces & Flails
  2895 | D:3      | Reached skill level 5 in Fighting
  3099 | D:3      | Found a snail-covered altar of Cheibriados.
  3107 | D:3      | Reached XP level 6. HP: 56/56 MP: 6/6
  3342 | D:4      | Noticed Edmund
  3376 | D:4      | Killed Edmund
  3437 | D:4      | Found Sesed's Antique Armour Emporium.
  3490 | D:4      | Reached skill level 5 in Dodging
  3763 | D:4      | Your scales start taking on a rich purple colour.
  3763 | D:4      | Reached XP level 7. HP: 61/61 MP: 7/7
  4006 | D:5      | Entered Level 5 of the Dungeon
  4062 | D:5      | Reached skill level 6 in Dodging
  4674 | D:5      | Noticed Blork the orc
  4683 | D:5      | Killed Blork the orc
  4685 | D:5      | Reached XP level 8. HP: 67/70 MP: 8/8
  4708 | D:5      | Found Waulom's Armour Boutique.
  5016 | D:5      | Found a basalt altar of Yredelemnul.
  5345 | D:6      | Noticed Pikel
  5359 | D:6      | Killed Pikel
  5359 | D:6      | Reached skill level 7 in Dodging
  5375 | D:6      | Found a staircase to the Ecumenical Temple.
  5632 | D:6      | Found Zuemausy's Quality Used Wands.
  5699 | D:6      | Noticed Crazy Yiuf
  5716 | D:6      | Killed Crazy Yiuf
  5916 | D:6      | Reached skill level 8 in Dodging
  6282 | D:6      | Reached XP level 9. HP: 23/78 MP: 9/9
  6976 | D:7      | Reached skill level 5 in Maces & Flails
  7218 | D:6      | Reached skill level 9 in Dodging
  7335 | D:7      | Found a shadowy altar of Dithmenos.
  7352 | D:7      | Found a burning altar of Makhleb.
  7680 | D:7      | Found a bloodstained altar of Trog.
  7778 | D:7      | Gained mutation: You passively map a small area around you. [potion of beneficial mutation]
  7825 | D:7      | Noticed Joseph
  7852 | D:7      | Killed Joseph
  7852 | D:7      | Reached skill level 10 in Dodging
  8274 | D:8      | Found a staircase to the Lair.
  8275 | D:8      | Noticed a komodo dragon
  8337 | D:8      | Killed a komodo dragon
  8337 | D:8      | Reached XP level 10. HP: 46/88 MP: 10/10
  8701 | D:8      | Found Cann's Armour Emporium.
  9468 | D:9      | Found a staircase to the Orcish Mines.
  9493 | D:9      | Found a roughly hewn altar of Beogh.
  9679 | Lair:1   | Entered Level 1 of the Lair of Beasts
 10299 | D:9      | Reached skill level 11 in Dodging
 10779 | Temple   | Entered the Ecumenical Temple
 11012 | Temple   | Became a worshipper of Gozag Ym Sagoz the Greedy
 12135 | D:8      | Bought the +0 mask of the Dragon {MR+ Slay+3 SInv} for 400 gold pieces
 12195 | D:10     | Entered Level 10 of the Dungeon
 12752 | D:10     | Reached XP level 11. HP: 58/97 MP: 11/11
 13078 | D:10     | Reached skill level 12 in Dodging
 13341 | D:5      | Bought the +2 cloak of Riowk {rF- MR+ Regen+ rCorr} for 308 gold pieces
 14008 | Lair:1   | Noticed a five-headed hydra
 14030 | Lair:1   | Killed a five-headed hydra
 14273 | Lair:1   | Reached skill level 10 in Fighting
 15078 | Lair:2   | Reached skill level 13 in Dodging
 16079 | Lair:3   | Reached XP level 12. HP: 102/106 MP: 12/12
 16310 | Lair:3   | Noticed a four-headed hydra
 16328 | Lair:3   | Killed a four-headed hydra
 17606 | Lair:4   | Reached skill level 10 in Maces & Flails
 17916 | Lair:4   | Gained mutation: You are somewhat resistant to further mutation. [potion of beneficial mutation]
 18076 | Lair:5   | Reached skill level 14 in Dodging
 18739 | Lair:5   | Found a staircase to the Snake Pit.
 19184 | Lair:5   | Found a staircase to the Shoals.
 19284 | Lair:5   | Reached XP level 13. HP: 116/116 MP: 13/13
 20156 | Lair:6   | Found a staircase to the Slime Pits.
 20543 | Orc:1    | Entered Level 1 of the Orcish Mines
 21129 | Orc:2    | Reached skill level 15 in Dodging
 23158 | Orc:3    | Noticed a stone giant
 23194 | Orc:3    | Killed a stone giant
 23306 | Orc:3    | Got a polished rapier
 23310 | Orc:3    | Got a dazzling shortbow
 23316 | Orc:3    | Got an iridescent hunting sling
 23321 | Orc:3    | Identified the cursed +1 rapier "Desih" {antimagic, +Blink rN+ MR+} (You found it on level 3 of the Orcish Mines)
 23325 | Orc:3    | Identified the +5 shortbow "Widowmaker" {flame, +Inv} (You found it on level 3 of the Orcish Mines)
 23328 | Orc:3    | Identified the +5 hunting sling of Benevolence {venom, rC+} (You found it on level 3 of the Orcish Mines)
 23904 | Orc:4    | Entered Level 4 of the Orcish Mines
 24271 | Orc:4    | Found a radiant altar of Vehumet.
 24440 | Orc:4    | Noticed an orc warlord
 24469 | Orc:4    | Killed an orc warlord
 24469 | Orc:4    | Reached skill level 1 in Long Blades
 24469 | Orc:4    | Reached skill level 16 in Dodging
 24469 | Orc:4    | Reached skill level 1 in Evocations
 24469 | Orc:4    | Reached XP level 14. HP: 127/127 MP: 14/14
 24520 | Orc:4    | Noticed Urug
 24738 | Orc:4    | Found a staircase to the Elven Halls.
 25056 | Orc:4    | Found a roughly hewn altar of Beogh.
 25085 | Orc:4    | Found Villul's Book Emporium.
 25186 | Orc:4    | Found Goddem's Antique Weapon Emporium.
 25196 | Orc:4    | Killed Urug
 25206 | Orc:4    | Found Kaler's Antique Armour Emporium.
 25397 | Orc:4    | Bought a faintly glowing blowgun for 202 gold pieces
 25398 | Orc:4    | Identified the cursed +1 blowgun of the Wilderness {evade, +Inv rElec Int+4} (You bought it in a shop on level 4 of the Orcish Mines)
 25496 | Orc:4    | Found Yresisopsa's General Store.
 25502 | Orc:4    | Bought a scroll of magic mapping for 49 gold pieces
 25502 | Orc:4    | Bought a scroll of holy word for 105 gold pieces
 25502 | Orc:4    | Bought a scroll of identify for 28 gold pieces
 25808 | Lair:1   | Upgraded the game from 0.17-a0-1139-g49cbdf8 to 0.17-a0-1150-g17b0b87
 25814 | Lair:1   | Learned a level 1 spell: Beastly Appendage
 26209 | Lair:7   | Reached skill level 1 in Spellcasting
 26532 | Lair:7   | Got a translucent hand axe
 26533 | Lair:7   | Identified the cursed +2 hand axe of Death's Door {chop, rN+ Int+5} (You found it on level 7 of the Lair of Beasts)
 26956 | Lair:8   | Entered Level 8 of the Lair of Beasts
 27597 | Lair:8   | Reached skill level 17 in Dodging
 29223 | Lair:1   | Learned a level 1 spell: Apportation
 29226 | Lair:1   | Learned a level 2 spell: Blink
 29229 | Lair:1   | Learned a level 2 spell: Shroud of Golubria
 29326 | D:10     | Noticed a cyclops
 29337 | D:10     | Killed a cyclops
 29730 | D:11     | Reached XP level 15. HP: 134/134 MP: 18/20
 29772 | D:11     | Found Tolo's Book Shoppe.
 29784 | D:11     | Bought a manual of Dodging for 1324 gold pieces
 29818 | D:11     | Found a frozen archway.
 29833 | IceCv    | Entered an ice cave
 30096 | IceCv    | Reached skill level 18 in Dodging
 30721 | D:11     | Found Zaghauc's Book Boutique.
 32026 | D:12     | Found Koiho's Book Emporium.
 32088 | D:12     | Reached skill level 19 in Dodging
 32799 | D:13     | Found Fepp's Magic Scroll Emporium.
 32865 | D:13     | Bought a scroll of acquirement for 884 gold pieces
 32865 | D:13     | Bought a scroll of identify for 34 gold pieces
 32865 | D:13     | Bought a scroll of identify for 34 gold pieces
 32865 | D:13     | Bought a scroll of identify for 34 gold pieces
 32865 | D:13     | Bought a scroll of fear for 59 gold pieces
 32865 | D:13     | Bought a scroll of teleportation for 51 gold pieces
 32865 | D:13     | Bought a scroll of teleportation for 51 gold pieces
 32865 | D:13     | Bought a scroll of identify for 34 gold pieces
 32865 | D:13     | Bought a scroll of teleportation for 51 gold pieces
 32865 | D:13     | Bought a scroll of recharging for 161 gold pieces
 32865 | D:13     | Bought a scroll of remove curse for 51 gold pieces
 32965 | D:13     | Found Vitown's Antique Weapon Boutique.
 32981 | D:13     | Found a glowing silver altar of Zin.
 33593 | D:13     | Reached skill level 20 in Dodging
 33998 | D:14     | Found Cityw's Food Emporium.
 34009 | D:14     | Bought a beef jerky for 15 gold pieces
 34009 | D:14     | Bought a beef jerky for 15 gold pieces
 34009 | D:14     | Bought a meat ration for 50 gold pieces
 34009 | D:14     | Bought a bread ration for 50 gold pieces
 34009 | D:14     | Bought a bread ration for 50 gold pieces
 34009 | D:14     | Bought 3 fruits for 45 gold pieces
 34009 | D:14     | Bought a bread ration for 50 gold pieces
 34009 | D:14     | Bought a meat ration for 50 gold pieces
 34009 | D:14     | Bought a beef jerky for 15 gold pieces
 34009 | D:14     | Bought a slice of pizza for 15 gold pieces
 34009 | D:14     | Bought a bread ration for 50 gold pieces
 34382 | D:14     | Noticed Agnes
 34395 | D:14     | Killed Agnes
 34635 | D:14     | Found a gate to the Vaults.
 34972 | D:14     | Reached skill level 1 in Transmutations
 35316 | D:15     | Entered Level 15 of the Dungeon
 35319 | D:15     | Found Toazix's Jewellery Emporium.
 35351 | D:15     | Bought the ring of Kokoapto {Wiz Str+11 Dex-5} for 744 gold pieces
 35423 | D:15     | Bought the ring "Tas Migees" {rPois rF+ Str+4} for 678 gold pieces
 35643 | D:15     | Reached XP level 16. HP: 141/141 MP: 22/22
 36493 | D:15     | Found a staircase to the Depths.
 36614 | D:15     | Got a bloodstained mace
 36615 | D:15     | Identified the cursed +3 mace "Ragieg" {freeze, rF+ Int+6 Dex-2} (You found it on level 15 of the Dungeon)
 36931 | Depths:1 | Entered Level 1 of the Depths
 37039 | Depths:1 | Noticed Sojobo
 37691 | Shoals:1 | Entered Level 1 of the Shoals
 37742 | Shoals:1 | Reached skill level 5 in Long Blades
 37903 | Shoals:1 | Reached skill level 5 in Evocations
 38533 | D:15     | Bought the brooch of Shielding {Ward rN+ AC+4 EV+4} for 834 gold pieces
 38782 | Lair:1   | Learned a level 2 spell: Song of Slaying
 38786 | Lair:1   | Learned a level 3 spell: Regeneration
 38790 | Lair:1   | Learned a level 3 spell: Spectral Weapon
 38961 | Shoals:1 | Reached skill level 21 in Dodging
 39183 | Shoals:1 | Got a crude trident
 39184 | Shoals:1 | Identified the +8 trident of Sunlight {pierce, +Rage rC+++ Int+4 Dex-4} (You found it on level 1 of the Shoals)
 39840 | Shoals:2 | Noticed Kirke
 39857 | Shoals:2 | Killed Kirke
 40174 | Shoals:2 | Noticed Polyphemus
 40410 | Shoals:2 | Reached skill level 1 in Translocations
 40695 | Shoals:2 | Slain by Polyphemus

Vault maps used:
D:1:      minmay_arrival_doors, minivault_23
D:2:      grunt_temple_overflow_order_and_chaos_1, first_bread, uniq_iyjb
D:3:      overflow_temple_1_default, uniq_natasha
D:4:      serial_shops, kennysheep_mini_moat, uniq_edmund
D:5:      lemuel_zombie_altar_yredelemnul, serial_shops, shop_fountains,
          hangedman_decor_lopped, uniq_blork_the_orc
D:6:      minmay_temple_entry_trees, nicolae_for_you_no_charge,
          uniq_crazy_yiuf_cottage, uniq_pikel
D:7:      trog_eyes_of_draining, lightli_temple_of_fire,
          grunt_dithmenos_smoke_and_mirrors, uniq_joseph
D:8:      david_lair_shrubbed, serial_shops,
          nicolae_shop_competitors_out_of_business
D:9:      minmay_orc_entry_temple_small
D:11:     portal_ice_cave_entry_pillars_02, serial_shops, shop
D:12:     hangedman_ranch
D:13:     basic_altar, serial_shops, shop, minmay_stone_trees_medium
D:14:     david_vaults_5, minivault_11, uniq_agnes
D:15:     grunt_enter_depths_hoard, minmay_misc_feat_encased, fountainhead,
          grunt_ministairs_1
Temple:   triangle_lava_temple_12
Lair:2:   lemuel_fruit_tree, grunt_megastairs_5
Lair:3:   beast_lair_carwin_large_3
Lair:5:   minmay_shoals_entry_hut, minmay_snake_entry_six_corridors,
          st_stairs_9, serial_bayou_pond_a, minivault_24
Lair:6:   minmay_lair_oklob_chamber, minmay_slime_entry_oklob_open,
          lemuel_fruit_fields
Lair:7:   infiniplex_staircase_pool_2, serial_bayou_shore_b
Lair:8:   minmay_lair_end_frog_pond, enter_volcano_2, serial_bayou_lagoon_a,
          serial_bayou_shore_b
Shoals:2: nicolae_shoals_cliffside_cave, uniq_polyphemus, uniq_kirke,
          uniq_jorgrun
Orc:1:    roderic_batcave
Orc:3:    giant_chief_lemuel, nicolae_orc_pool_cavern
Orc:4:    grunt_orc_cross, basic_altar
Depths:1: hell_entry, minmay_tree_intersection, kennysheep_generic_room_12,
          serial_bayou_shore_b, uniq_sojobo, uniq_enchantress
IceCv:    ice_cave_small_demon

Action                   |  1- 3 |  4- 6 |  7- 9 | 10-12 | 13-15 | 16-18 || total
-------------------------+-------+-------+-------+-------+-------+-------++-------
Melee: Hand axe          |   140 |    51 |       |    18 |   111 |       ||   320
       Mace              |       |   136 |   130 |    12 |       |       ||   278
       Whip              |       |       |   251 |  1075 |  2542 |   580 ||  4448
       Falchion          |       |       |       |       |     8 |       ||     8
       Flail             |       |       |       |       |     3 |       ||     3
 Fire: Shortbow          |    11 |    52 |   131 |   175 |   419 |   124 ||   912
Throw: Tomahawk          |       |     6 |       |       |    10 |       ||    16
 Cast: Beastly Appendage |       |       |       |       |    42 |    22 ||    64
       Apportation       |       |       |       |       |     3 |       ||     3
Invok: Potion Petition   |       |       |       |     1 |       |       ||     1
       Call Merchant     |       |       |       |       |     5 |       ||     5
 Abil: Breathe Dispellin |       |       |       |     1 |       |       ||     1
       Evoke Invisibilit |       |       |       |       |       |     1 ||     1
Evoke: Wand              |       |       |     5 |     7 |    18 |    15 ||    45
       Lamp of fire      |       |       |       |     2 |     3 |     1 ||     6
       Sack of spiders   |       |       |       |       |     7 |       ||     7
       Stone of tremors  |       |       |       |       |     1 |       ||     1
  Use: Scroll            |       |    12 |     8 |    12 |    14 |     3 ||    49
       Potion            |       |     1 |     5 |     1 |     3 |       ||    10
 Stab: Sleeping          |       |     2 |     1 |     4 |     5 |     2 ||    14
       Invisible         |       |       |    10 |       |       |       ||    10
       Distracted        |       |       |       |     2 |    26 |     4 ||    32
       Petrified         |       |       |       |       |       |     1 ||     1
  Eat: Chunk             |     1 |    17 |    16 |     8 |       |       ||    42
       Beef jerky        |       |       |       |     3 |     6 |       ||     9
       Fruit             |       |       |       |    11 |    25 |     3 ||    39
       Bread ration      |       |       |       |     2 |     7 |       ||     9
       Pizza             |       |       |       |     1 |       |     8 ||     9
       Royal jelly       |       |       |       |       |       |     1 ||     1
